 Dungeon Crawl Stone Soup version 0.19.0-19-g8c6edcc (webtiles) character file.

247 KarmaPolice the Charmwright (level 5, 0/41 HPs)
             Began as a Vampire Skald on Nov 13, 2016.
             Slain by an orc
             ... wielding a +0 whip
              (4 damage)
             ... on level 3 of the Dungeon.
             The game lasted 00:06:09 (3850 turns).

KarmaPolice the Charmwright (Vampire Skald)         Turns: 3850, Time: 00:06:10

Health: 0/41       AC:  3    Str: 11    XL:     5   Next: 85%
Magic:  3/9        EV: 11    Int: 15    God:
Gold:   196        SH:  0    Dex: 14    Spells: 4 memorised, 2 levels left

rFire  . . .     SeeInvis +     a - +0 falchion
rCold  + . .     Gourm    .     b - +0 leather armour
rNeg   + + .     Faith    .     (no shield)
rPois  +         Spirit   .     (no helmet)
rElec  .         Reflect  .     (no cloak)
rCorr  .         Harm     .     (no gloves)
MR     .....                    (no boots)
Stlth  ++........               (no amulet)
                                (no ring)
                                i - ring of wizardry

@: singing, regenerating slowly
A: fangs 3, see invisible, unbreathing
a: Bat Form, Stop Singing


You were on level 3 of the Dungeon.
You were very thirsty.

You visited 1 branch of the dungeon, and saw 3 of its levels.

You collected 196 gold pieces.

Inventory:

Hand Weapons
 a - a +0 falchion (weapon)
Armour
 b - a +0 leather armour (worn)
 o - a cursed +0 ring mail
Jewellery
 i - a ring of wizardry (left hand)
Scrolls
 f - 2 scrolls of identify
 h - 2 scrolls of teleportation {unknown}
 k - 3 scrolls of recharging {unknown}
 q - a scroll of random uselessness {unknown}
 s - a scroll of magic mapping {unknown}
Potions
 d - 11 potions of blood
 e - 3 potions of curing
 g - 2 potions of cancellation {unknown}
 j - 2 potions of beneficial mutation {unknown}
 l - a potion of brilliance {unknown}
 m - a potion of degeneration {unknown}
 n - a potion of ambrosia {unknown}
 p - a potion of might {unknown}
 r - a potion of invisibility {unknown}
Books
 c - a book of Battle

   Spells                             Type                      Level
   a - Infusion                       Charms                       1
   b - Shroud of Golubria             Charms/Translocation         2
   c - Song of Slaying                Charms                       2
   d - Spectral Weapon                Hexes/Charms                 3
   e - Regeneration                   Charms/Necromancy            3


   Skills:
 + Level 3.2 Fighting
 + Level 3.5 Long Blades
 - Level 0.7 Armour
 - Level 1.1 Dodging
 - Level 3.0 Spellcasting
 + Level 4.4 Charms
 + Level 1.2 Necromancy


You had 2 spell levels left.
You knew the following spells:

 Your Spells              Type           Power        Failure   Level  Hunger
a - Infusion              Chrm           ###.         1%          1    #......
b - Shroud of Golubria    Chrm/Tloc      #.........   7%          2    ##.....
c - Regeneration          Chrm/Necr      ##........   10%         3    ###....
d - Song of Slaying       Chrm           ###.....     4%          2    ##.....


Dungeon Overview and Level Annotations

Branches:
Dungeon (3/15)

Altars:


Innate Abilities, Weirdness & Mutations

You heal slowly.
You have razor-sharp teeth.
You have supernaturally acute eyesight. (SInv)
You can survive without breathing.


Message History

a dagger; an orc corpse The orc hits you with a whip.
You barely miss the orc. The orc hits you with a whip. x2
You hit the orc but do no damage. The orc hits you with a whip.
You barely miss the orc. The orc hits you with a whip.
You hit the orc but do no damage. The orc completely misses you.
You riposte.
You hit the orc but do no damage. You hit the orc but do no damage.
The orc barely misses you.
You hit the orc but do no damage. The orc hits you with a whip.
* * * LOW HITPOINT WARNING * * *
You hit the orc but do no damage. The orc hits you with a whip.
* * * LOW HITPOINT WARNING * * *
You hit the orc but do no damage. The orc hits you with a whip.
* * * LOW HITPOINT WARNING * * *
You closely miss the orc. The orc hits you with a whip.
* * * LOW HITPOINT WARNING * * *
Casting: Song of Slaying
Confirm with . or Enter, or press ? or * to list all spells.
You start a new song!
The orc hits you with a whip.
You die...

#.. ### #.# .. #.# ..
#.###. #.#..
####.#.####.#
###########....#o.....#
........).#.#..)@.#
#########)#.#.###.#
............>.# .#
.###.##.####.## .. .#
#.##. .#... ###
[###.#####.###.#
...).#...#... .#
#))#.#)#.#'#####
#..#.#.#.......#


You could see an orc.

Vanquished Creatures
  An orc priest (D:3)
  An orc wizard (D:3)
  9 adders
  An ooze (D:3)
  A worm (D:3)
  3 dart slugs (D:1)
  A leopard gecko (D:3)
  11 orcs (D:3)
  2 ball pythons
  15 bats
  7 giant cockroaches
  8 goblins
  8 hobgoblins
  2 quokkas
  2 frilled lizards
  8 kobolds
  8 rats
88 creatures vanquished.

Notes
Turn   | Place    | Note
-------+----------+-------------------------------------------
     0 | D:1      | KarmaPolice the Vampire Skald began the quest for the Orb.
     0 | D:1      | Reached XP level 1. HP: 16/16 MP: 3/3
   233 | D:1      | Reached XP level 2. HP: 17/22 MP: 5/5
   559 | D:1      | Learned a level 2 spell: Shroud of Golubria
  1006 | D:1      | Reached XP level 3. HP: 27/27 MP: 6/6
  1052 | D:1      | Learned a level 3 spell: Regeneration
  1625 | D:2      | Reached XP level 4. HP: 20/34 MP: 3/8
  1971 | D:2      | Learned a level 2 spell: Song of Slaying
  2124 | D:3      | Reached skill level 4 in Charms
  2660 | D:3      | Reached XP level 5. HP: 28/40 MP: 9/9
  3822 | D:3      | Reached skill level 1 in Necromancy
  3850 | D:3      | Slain by an orc

Skill      XL: |  1  2  3  4  5 |
---------------+----------------+-----
Fighting       | 2 3 |  3.2
Charms         | 4 |  4.4
Long Blades    | 3 |  3.5
Spellcasting   | 3 |  3.0
Necromancy     | 1 |  1.2
Armour         | |  0.7
Dodging        | |  1.1

Action                   |  1- 3 |  4- 6 || total
-------------------------+-------+-------++-------
Melee: Falchion          |   120 |   148 ||   268
       Bite              |    10 |    19 ||    29
 Cast: Infusion          |     3 |    10 ||    13
       Shroud of Golubri |     1 |     2 ||     3
       Regeneration      |       |     9 ||     9
       Song of Slaying   |       |     6 ||     6
 Abil: End Transformatio |       |     1 ||     1
       Stop Singing      |       |     1 ||     1
       Bat Form          |       |     1 ||     1
  Use: Potion            |       |     2 ||     2
       Scroll            |       |     1 ||     1
 Stab: Sleeping          |     6 |     7 ||    13
       Distracted        |       |     1 ||     1
  Eat: Corpse            |       |     4 ||     4
Armor: Leather armour    |    43 |    34 ||    77
Dodge: Dodged            |    84 |   103 ||   187
       Rpst.: Falchion   |    18 |    40 ||    58
